 Dungeon Crawl Stone Soup version 0.27-a0-1448-g9c78c815f3 (webtiles) character file.

Game seed: 10854764499128082846

696 AarnesTheHuman the Shield-Bearer (level 7, -1/56 HPs)
             Began as a Formicid Abyssal Knight on July 5, 2021.
             Was a Believer of Lugonu.
             Slain by an orc warrior (23 damage)
             ... on level 5 of the Dungeon.
             The game lasted 00:06:43 (3653 turns).

AarnesTheHuman the Shield-Bearer (FoAK)             Turns: 3653, Time: 00:06:44

Health: -1/56      AC:  3    Str: 18      XL:     7   Next: 97%
Magic:  10/10      EV: 10    Int: 10 (12) God:    Lugonu [**....]
Gold:   202        SH:  9    Dex:  9 (10) Spells: 6/6 levels left

rFire    . . .     SeeInvis +   a - +1 falchion
rCold    . . .     Faith    .   k - +0 kite shield
rNeg     . . .     Spirit   .   b - +0 leather armour
rPois    .         Reflect  .   (helmet unavailable)
rElec    .         Harm     .   (no cloak)
rCorr    .         Rampage  .   (no gloves)
Will     .....     Clarity  +   (no boots)
Stlth    +.........             e - amulet of regeneration
HPRegen  1.18/turn              l - +4 ring of slaying
MPRegen  0.12/turn              (no ring)

@: unable to read
A: permanent stasis, dig shafts and tunnels, antennae 3, four strong arms,
clarity, no potion heal 1, inability to read while threatened
a: Dig, Shaft Self, Renounce Religion, Depart the Abyss, Bend Space


You were on level 5 of the Dungeon.
You worshipped Lugonu.
Lugonu was pleased with you.
You visited 1 branch of the dungeon, and saw 5 of its levels.
You visited the Abyss 1 time.

You collected 202 gold pieces.

Inventory:

Hand Weapons
 a - a +1 falchion (weapon)
 i - a +0 dagger of protection
Missiles
 h - 36 poisoned darts
 r - 6 silver javelins
 u - 2 boomerangs of dispersal
Armour
 b - a +0 leather armour (worn)
 k - a +0 kite shield (worn)
Jewellery
 e - an amulet of regeneration (around neck)
 l - a +4 ring of slaying (left hand)
 n - a +6 ring of intelligence
 v - a ring of magical power
Wands
 p - a wand of paralysis (12)
Scrolls
 c - 2 scrolls of immolation
 d - a scroll of teleportation
 f - a scroll of identify
 g - a scroll of enchant weapon {unknown}
 o - 2 scrolls of magic mapping {unknown}
 w - a scroll of acquirement {unknown}
Potions
 m - a potion of attraction
 s - a potion of haste {unknown}
 t - 2 potions of heal wounds {unknown}


   Skills:
 + Level 5.1 Fighting
 - Level 2.1 Long Blades
 + Level 4.4 Armour
 - Level 0.8 Dodging
 * Level 5.8 Shields
 + Level 4.7 Invocations


You had 6 spell levels left.
You didn't know any spells.
Your spell library contained the following spells:

 Spells                   Type           Power      Damage    Failure   Level
 Corona                   Hex            0%         N/A       65%         1
 Freeze                   Ice            0%         1d3       65%         1
 Ensorcelled Hibernation  Hex/Ice        0%         N/A       80%         2
 Frozen Ramparts          Ice            0%         1d2       95%         3
 Tukima's Dance           Hex            0%         N/A       95%         3
 Hailstorm                Conj/Ice       0%         3d3       100%        4


Dungeon Overview and Level Annotations

Branches:
Dungeon (5/15)             Temple (0/1) D:4

Altars:
Cheibriados

Shops:
D:3 =


Innate Abilities, Weirdness & Mutations

You cannot be hasted, slowed, berserked, paralysed or teleported.
You can dig through walls and to a lower floor.
You have a pair of large antennae on your head. (SInv)
Your four strong arms can wield two-handed weapons with a shield.
You possess an exceptional clarity of mind.
Potions are less effective at restoring your health.
You sometimes lose the ability to read scrolls when taking damage.


Message History

a +0 short sword; an orc corpse You block the orc warrior's attack.
You are too injured to fight recklessly!
You are too injured to fight recklessly!
You hit the orc warrior.
The orc warrior is lightly wounded.
You block the orc warrior's attack.
You barely miss the orc warrior.
The orc warrior is lightly wounded.
The orc warrior hits you with a +0 morningstar.
You feel threatened and lose the ability to read scrolls!
The orc warrior hits you with a +0 morningstar!
* * * LOW HITPOINT WARNING * * *
You slash the orc warrior!
The orc warrior is heavily wounded.
The orc closely misses you. The orc warrior barely misses you.
The orc hits you with a +0 hand axe.
* * * LOW HITPOINT WARNING * * *
You barely miss the orc warrior.
The orc warrior is heavily wounded.
The orc warrior closely misses you.
You riposte.
You hit the orc warrior but do no damage.
The orc warrior is moderately wounded.
You block the orc's attack.
You hit the orc warrior.
The orc warrior is heavily wounded.
You block the orc warrior's attack. The orc misses you.
You riposte.
You slash the orc!
You kill the orc!
Lugonu accepts your kill.
You closely miss the orc warrior.
The orc warrior is heavily wounded.
You block the orc warrior's attack. x2
You hit the orc warrior.
The orc warrior is severely wounded.
You block the orc warrior's attack.
You hit the orc warrior.
The orc warrior is severely wounded.
The orc warrior hits you with a +0 morningstar!!
You die...

#.##########.#.#
...............#
...............# .
...............#### ..
...<..............+ ...
.................## ....
.................##.....
...............?)o......
...............#@.##...#
.[.............##)# .#
...)...........# ..#
...............# #.#
...............# ..
...............# #.#
...............# ..
...............# #..
...............


You could see an orc warrior.

Vanquished Creatures
  Grinder (D:4)
  A phantom (D:4)
  2 scorpions (D:4)
  A bullfrog skeleton (D:4)
  Natasha (D:3)
  An orc wizard (D:4)
  An iguana (D:4)
  A killer bee zombie (D:4)
  A hound skeleton (D:4)
  2 howler monkey zombies (D:5)
  3 gnolls
  3 adders
  2 worms (D:2)
  2 dart slugs
  10 orcs
  3 endoplasms
  3 giant cockroaches
  5 goblins
  9 hobgoblins
  3 jackals (D:2)
  7 kobolds
  3 quokkas
  6 ball pythons
  4 bats
  A frilled lizard (D:2)
  3 rats
79 creatures vanquished.

Notes
Turn   | Place    | Note
-------+----------+-------------------------------------------
     0 | Abyss:1  | AarnesTheHuman the Formicid Abyssal Knight began the quest
                  | for the Orb.
     0 | Abyss:1  | Reached XP level 1. HP: 18/18 MP: 2/2
   189 | Abyss:1  | Noticed a spatial vortex
   194 | Abyss:1  | Noticed a spatial vortex
   194 | Abyss:1  | Noticed a spatial vortex
   195 | D:1      | Escaped the Abyss
   693 | D:1      | Reached XP level 2. HP: 15/24 MP: 3/3
   746 | D:1      | Reached * piety under Lugonu
   751 | D:1      | Reached skill level 1 in Shields
  1111 | D:2      | Reached XP level 3. HP: 29/29 MP: 4/4
  1436 | D:2      | Reached XP level 4. HP: 21/37 MP: 6/6
  1730 | D:3      | Found Osuegum's Jewellery Shoppe.
  2052 | D:3      | Found a snail-covered altar of Cheibriados.
  2169 | D:3      | Reached ** piety under Lugonu
  2176 | D:3      | Found a faded altar of an unknown god.
  2486 | D:4      | Reached XP level 5. HP: 42/42 MP: 7/7
  2675 | D:4      | Reached XP level 6. HP: 48/48 MP: 8/8
  2695 | D:4      | Found a staircase to the Ecumenical Temple.
  2874 | D:4      | Noticed Natasha
  2876 | D:4      | Noticed Grinder
  3041 | D:3      | Killed Natasha
  3400 | D:4      | Killed Grinder
  3401 | D:4      | Reached skill level 5 in Shields
  3401 | D:4      | Reached XP level 7. HP: 7/55 MP: 8/10
  3525 | D:5      | Entered Level 5 of the Dungeon
  3562 | D:4      | Reached skill level 5 in Fighting
  3608 | D:5      | Gained mutation: You sometimes lose the ability to read
                  | scrolls when taking damage. [potion of mutation]
  3608 | D:5      | Gained mutation: Potions are less effective at restoring
                  | your health. [potion of mutation]
  3608 | D:5      | Gained mutation: You possess an exceptional clarity of
                  | mind. [potion of mutation]
  3653 | D:5      | Slain by an orc warrior

Illustrated notes

Levels and vault maps discovered:
D:1:      sevenhm_arrival_forest_fort_small_4, layout_basic
D:2:      layout_loops_cross
D:3:      layout_loops_ring, lemuel_tele_altar, serial_shops, shop,
          chequers_ecumenical_altar_grove, minmay_cut_off
D:4:      layout_gridville, minmay_temple_entry_butterflies,
          amcnicky_mini_corridor_feature, uniq_natasha, uniq_grinder
D:5:      layout_basic, overflow_temple_1_default, nicolae_gozag_seed_capital

Skill      XL: |  1  2  3  4  5  6  7 |
---------------+----------------------+-----
Shields        | 1 2 3 5 |  5.8
Invocations    | 3 4 |  4.7
Armour         | 3 4 |  4.4
Fighting       | 4 5 |  5.1
Long Blades    | |  2.1
Dodging        | |  0.8

Action                   |  1- 3 |  4- 6 |  7- 9 || total
-------------------------+-------+-------+-------++-------
Melee: Falchion          |    80 |   103 |    43 ||   226
Invok: Depart the Abyss  |     1 |       |       ||     1
       Bend Space        |       |     1 |       ||     1
  Use: Scroll            |     1 |       |     3 ||     4
       Potion            |       |     2 |     1 ||     3
Armor: Leather armour    |    22 |    29 |     7 ||    58
Dodge: Dodged            |    27 |    44 |    23 ||    94
Block: Kite shield       |    32 |    43 |    25 ||   100
       Rpst.: Falchion   |     8 |    17 |     8 ||    33

Table legend: (Time is in decaauts)
 A = Elapsed time spent in this place.
 B = Non-inter-level travel time spent in this place.
 C = Inter-level travel time spent in this place.
 D = Time resting spent in this place.
 E = Time spent auto-exploring this place.
 F = Levels seen in this place.
 G = Mean time per level.
                   A        B        C        D        E       F      G
               +--------+--------+--------+--------+--------+-----+--------+
         Total |   3744 |   3632 |    112 |    372 |   2519 |   6 |  624.0 |
       Dungeon |   3549 |   3437 |    112 |    372 |   2329 |   5 |  709.8 |
         Abyss |    195 |    195 |      0 |      0 |    190 |   1 |  195.0 |
               +--------+--------+--------+--------+--------+-----+--------+

Top non-repeatable levels by time:
     D:4: 1001 daAuts
     D:3: 904 daAuts
     D:1: 842 daAuts
     D:2: 721 daAuts
 Abyss:1: 195 daAuts
     D:5: 79 daAuts
